Map: Lightshade LE

Players

A.I. 1 (Very Easy) - Winner!

  • Race: Terran Terran

moose

  • Race: Zerg Zerg
  • League: Master

VOD

Have the link to the VOD?

Description

listenheremoose 2 base lair roach speed opening

Time

  • Played on: Sept. 12, 2021, 8:10 p.m.
  • Length: 4:18
Show
View Real Time Build Order
Export as new Build Order

A.I. 1 (Very Easy) Terran - Winner!

Build Orders:  

Get SALT Encoding   

  12  0:00  SCV  
  13  0:13  SCV  
  14  0:18  Supply Depot  
  14  0:37  Refinery  
  14  0:43  Barracks  
  14  1:05  Supply Depot  
  14  1:11  Refinery  
  14  1:29  Barracks Tech Lab  
  14  1:30  Orbital Command  
  14  1:47  Marauder  
  16  1:55  SCV  
  17  2:08  SCV  
  18  2:20  SCV  
  19  2:30  Marine  
  19  2:32  SCV  
  22  2:44  SCV  
  22  2:56  SCV  
  23  3:14  Marine  
Show
View Real Time Build Order
Export as new Build Order

moose Zerg 

Build Orders: Hatch First 

Get SALT Encoding   

  12  0:00  Drone  
  13  0:13  Overlord  
  13  0:18  Drone  
  14  0:31  Drone x2  
  16  0:48  Hatchery  
  15  0:52  Drone  
  15  0:55  Drone  
  17  0:59  Drone  
  18  1:09  Extractor  
  17  1:15  Spawning Pool  
  17  1:16  Drone  
  17  1:20  Drone  
  18  1:28  Drone  
  19  1:39  Drone  
  20  1:50  Overlord  
  20  2:01  Queen x2  
  20  2:02  Zergling x4  
  26  2:10  Drone  
  26  2:11  Drone  
  28  2:22  Drone x2  
  30  2:33  Overlord  
  30  2:34  Overlord  
  30  2:38  Queen  
  30  2:39  Lair  
  30  2:43  Drone  
  34  2:44  Drone  
  34  2:52  Evolution Chamber  
  34  2:56  Roach Warren  
  33  2:58  Drone  
  33  3:01  Drone  
  34  3:06  Overlord  
  34  3:08  Drone  
  34  3:11  Drone  
  36  3:13  Drone  
  36  3:15  Drone  
  36  3:18  Drone  
  39  3:20  Drone  
  39  3:23  Drone  
  39  3:25  Drone  
  42  3:27  Drone  
  42  3:33  Drone  
  44  3:39  Drone  
  45  3:43  Drone x2  
  45  3:45  Drone  
  48  3:48  Drone  
  48  3:49  Drone  
  48  3:52  Extractor  
  48  3:53  Drone, Extractor  
  48  3:54  Drone  
  50  4:05  Hatchery  
Tags
 
Add a new tag
Caveats
  • Supply blocks, unpowered buildings, or Contaminate may cause inaccurate times.
  • Supply counts are checked every 10 seconds.